 Dungeon Crawl Stone Soup version 0.21-a0-351-g38363bb (webtiles) character file.

17719 Ijustatesigmund the Slicer (level 12, -30/67 HPs)
             Began as a Vine Stalker Fighter on Oct 9, 2017.
             Was a High Priest of Makhleb.
             Hit by a large rock thrown by a stone giant (36 damage)
             ... on level 2 of the Orcish Mines.
             The game lasted 00:33:15 (12571 turns).

Ijustatesigmund the Slicer (Vine Stalker Fighter)  Turns: 12571, Time: 00:33:16

Health: -30/67     AC: 21    Str: 18    XL:     12   Next: 50%
Magic:  0/27       EV:  5    Int:  8    God:    Makhleb [*****.]
Gold:   696        SH: 10    Dex: 25    Spells: 11/11 levels left

rFire    + + .     SeeInvis +   v - +3 short sword "Seczuota" {venom, Dex+2}
rCold    + . .     Gourm    +   c - +0 shield
rNeg     . . .     Faith    .   b - +5 chain mail {rF+}
rPois    .         Spirit   +   O - +2 hat
rElec    .         Reflect  .   y - scarf {rC+ rF+}
rCorr    .         Harm     .   R - +2 pair of gloves {Dex+3}
MR       +....                  (no boots)
Stlth    ..........             S - amulet of the gourmand
HPRegen  1.01/turn              t - ring of see invisible
MPRegen  0.20/turn              V - ring of magical power

@: no status effects
A: fangs 3, regeneration 2, magic shield, antimagic bite, no potion heal 3, rot
immunity
a: Minor Destruction, Lesser Servant of Makhleb, Major Destruction, Greater
Servant of Makhleb, Renounce Religion


You were on level 2 of the Orcish Mines.
You worshipped Makhleb.
Makhleb was extremely pleased with you.
You were very full.

You visited 3 branches of the dungeon, and saw 15 of its levels.
You also visited: Ice Cave.

You collected 848 gold pieces.
You spent 152 gold pieces at shops.

Inventory:

Hand Weapons
 a - a +1 rapier
 o - a +0 dagger of venom
 v - the +3 short sword "Seczuota" (weapon) {venom, Dex+2}
   (You bought it in a shop on level 5 of the Dungeon)

   It poisons the flesh of those it strikes.
   It affects your dexterity (+2).
Missiles
 d - 8 javelins
 m - 5 poisoned javelins (quivered)
Armour
 b - a +5 chain mail of fire resistance (worn)
 c - a +0 shield (worn)
 y - a scarf of resistance (worn)
 K - a +0 cloak of invisibility
 O - a +2 hat (worn)
 R - a +2 pair of gloves of dexterity (worn)
Jewellery
 t - a ring of see invisible (left hand)
 J - an uncursed ring of protection from fire
 Q - an uncursed ring of wizardry
 S - an amulet of the gourmand (around neck)
 U - an uncursed ring of protection from fire
 V - a ring of magical power (right hand)
Wands
 j - a wand of iceblast (12/15)
 l - a wand of random effects (18/48)
 u - a wand of confusion (35/48)
 z - a wand of confusion (11/48)
 H - a wand of polymorph (7/24)
 I - a wand of disintegration (0/24)
 T - a wand of enslavement (4/24)
 W - a wand of random effects (22/48)
 X - a wand of flame (29/48)
Scrolls
 e - a scroll of identify
 g - 4 scrolls of fog
 h - 5 scrolls of remove curse
 B - a scroll of blinking
 C - 4 scrolls of amnesia
 D - 2 scrolls of enchant armour
 L - a scroll of teleportation
 M - 3 scrolls of enchant weapon
 P - a scroll of vulnerability
Potions
 i - a potion of cancellation
 k - 4 potions of lignification
 n - 4 potions of curing
 q - 4 potions of haste
 w - 2 potions of might
 x - 3 potions of brilliance
 F - a potion of magic
Books
 r - a book of Misfortune

   Spells                             Type                      Level
   a - Confusing Touch                Hexes                        1
   b - Confuse                        Hexes                        3
   c - Gell's Gravitas                Translocation                3
   d - Petrify                        Transmutation/Earth          4
   e - Metabolic Englaciation         Hexes/Ice                    5
   f - Yara's Violent Unravelling     Hexes/Transmutation          5
 s - a book of Callings

   Spells                             Type                      Level
   a - Summon Small Mammal            Summoning                    1
   b - Call Imp                       Summoning                    2
   c - Call Canine Familiar           Summoning                    3
   d - Summon Guardian Golem          Hexes/Summoning              3
   e - Summon Lightning Spire         Summoning/Air                4
   f - Summon Ice Beast               Ice/Summoning                4
 E - a book of Necromancy

   Spells                             Type                      Level
   a - Pain                           Necromancy                   1
   b - Animate Skeleton               Necromancy                   1
   c - Vampiric Draining              Necromancy                   3
   d - Regeneration                   Charms/Necromancy            3
   e - Animate Dead                   Necromancy                   4
   f - Control Undead                 Necromancy                   4
 N - a book of Changes

   Spells                             Type                      Level
   a - Beastly Appendage              Transmutation                1
   b - Sticks to Snakes               Transmutation                2
   c - Spider Form                    Transmutation/Poison         3
   d - Ice Form                       Ice/Transmutation            4
   e - Blade Hands                    Transmutation                5
Comestibles
 f - 10 bread rations
 p - 7 royal jellies
 A - 3 meat rations
 G - 4 fruits


   Skills:
 + Level 9.9 Fighting
 + Level 10.1 Short Blades
 - Level 4.7 Throwing
 - Level 9.2 Armour
 - Level 2.6 Shields
 + Level 7.1 Invocations


You had 11 spell levels left.
You didn't know any spells.

Dungeon Overview and Level Annotations

Branches:
Dungeon (12/15)            Temple (1/1) D:4            Lair (0/6) D:11
    Orc (2/2) D:9
    Elf: Orc:2

Altars:
Ashenzari
Cheibriados
Dithmenos
Elyvilon
Fedhas
Gozag
Hepliaklqana
Kikubaaqudgha
Makhleb
Nemelex Xobeh
Okawaru
Qazlal
Ru
Sif Muna
Trog
Uskayaw
Vehumet
Wu Jian
Xom
Yredelemnul
Zin
The Shining One

Shops:
D:4 !   D:5 (*([   D:7 (   D:11 %   Orc:1 *


Innate Abilities, Weirdness & Mutations

You have razor-sharp teeth.
You heal very quickly.
When hurt, damage is shared between your health and your magic reserves.
Your bite disrupts and absorbs the magic of your enemies.
Potions cannot restore your health.
You are immune to rotting.


Message History

A stone giant comes into view.
The stone giant shouts!
The stone giant throws a large rock.
The large rock hits you!!!
Ouch! That really hurt!
You see here a large rock.
The stone giant throws a large rock.
The large rock hits you!!!
* * * LOW HITPOINT WARNING * * *
You see here a large rock.
What are your orders? t - Shout!
Orders for allies: a - Attack new target. r - Retreat! s - Stop attacking. g - Guard the area. f - Follow me.
Anything else - Cancel.
Okay, then.
As you read the scroll of fog, it crumbles to dust.
The scroll dissolves into smoke.
The stone giant throws a large rock.
The large rock hits you!!!
Ouch! That really hurt!
You die...

.............#............###.
.....................##.####..
.......<...........#..### ###.
..................#....####...
......................###.....
..................#...##......
...........§..§...#..##...##..
............§§§......###.###.^
............§@§......#.###....
.....#.....§§§§§........#.....
#C.....§#........###....
.........#........###...
.............###..##....
...........### #........
......#....# ##.......
............ #....... ....
##...#..


You could see a stone giant.

Vanquished Creatures
  Harold (D:10)
  2 two-headed ogres
  Pikel (D:4)
  An ugly thing (D:11)
  2 cyclopes
  Maurice (D:8)
  Joseph (D:8)
  2 ice statues (IceCv)
  A komodo dragon (D:11)
  11 ice devils
  A troll (D:10)
  2 hornets
  Sigmund (D:2)
  A spriggan (D:7)
  5 yaks (D:11)
  A wraith (D:11)
  A wyvern (D:11)
  Grum (D:10)
  A steam dragon (D:10)
  A hungry ghost (D:9)
  An acid dragon (D:12)
  A warg (Orc:1)
  8 orc warriors
  5 ice beasts
  3 phantoms
  A black bear (D:9)
  7 ogres
  3 sky beasts
  A necrophage (D:5)
  6 centaurs
  4 wolves (D:10)
  The ghost of p0werm0de the Magician, an amateur GnWz (D:3)
  A big kobold (D:10)
  7 bullfrogs
  8 scorpions
  31 killer bees
  A howler monkey (D:8)
  2 crimson imps (D:6)
  A bullfrog zombie (D:11)
  3 jellies
  A hound (D:7)
  A quasit (D:9)
  10 orc priests
  2 centaur skeletons
  10 orc wizards
  2 bullfrog skeletons
  Jessica (D:3)
  Ijyb (D:3)
  Terence (D:2)
  An iguana (D:10)
  7 worker ants
  A killer bee zombie (D:7)
  A hound zombie (D:9)
  3 hound skeletons
  A worker ant zombie (D:7)
  3 gnolls (D:2)
  7 adders
  10 white imps (IceCv)
  4 ufetubi (IceCv)
  An adder zombie (D:5)
  3 oozes
  2 worms
  3 dart slugs
  6 leopard geckos
  57 orcs
  10 bats
  6 giant cockroaches
  6 goblins
  10 hobgoblins
  15 jackals
  5 quokkas
  6 ball pythons
  6 frilled lizards
  13 kobolds
  2 leopard gecko zombies (D:5)
  5 rats
  2 toadstools (D:1)
358 creatures vanquished.

Vanquished Creatures (others)
  2 slaves
  A scorpion (D:5)
  A howler monkey (D:4)
  2 worker ants
  2 white imps (IceCv)
  3 ufetubi (IceCv)
  A leopard gecko (D:4)
  A giant cockroach (D:5)
  A bat (D:4)
  A plant (D:11)
  2 toadstools (D:1)
17 creatures vanquished.

Grand Total: 375 creatures vanquished

Notes
Turn   | Place    | Note
-------+----------+-------------------------------------------
     0 | D:1      | Ijustatesigmund the Vine Stalker Fighter began the quest for the Orb.
     0 | D:1      | Reached XP level 1. HP: 11/11 MP: 2/2
    66 | D:1      | Reached skill level 2 in Short Blades
   125 | D:1      | Reached XP level 2. HP: 16/16 MP: 3/3
   683 | D:2      | Reached XP level 3. HP: 20/20 MP: 2/4
   769 | D:2      | Reached skill level 3 in Short Blades
  1257 | D:2      | Gained mutation: Your natural rate of healing is unusually fast. [Vine Stalker growth]
  1257 | D:2      | Reached XP level 4. HP: 23/24 MP: 5/5
  1435 | D:2      | Noticed Sigmund
  1444 | D:2      | Killed Sigmund
  1444 | D:2      | Reached skill level 4 in Short Blades
  1444 | D:2      | Reached XP level 5. HP: 28/29 MP: 4/6
  1461 | D:2      | Reached XP level 6. HP: 33/33 MP: 7/7
  1527 | D:2      | Noticed Terence
  1555 | D:2      | Killed Terence
  1927 | D:2      | Found a faded altar of an unknown god.
  1973 | D:2      | Found a glowing silver altar of Zin.
  2148 | D:3      | Noticed Ijyb
  2178 | D:3      | Killed Ijyb
  2186 | D:3      | Reached skill level 5 in Short Blades
  2318 | D:3      | Noticed Jessica
  2345 | D:3      | Killed Jessica
  2383 | D:3      | Reached XP level 7. HP: 38/38 MP: 8/8
  2425 | D:3      | Noticed p0werm0de's ghost (amateur GnWz)
  2433 | D:3      | Killed p0werm0de's ghost
  2832 | D:4      | Found a staircase to the Ecumenical Temple.
  2837 | Temple   | Entered the Ecumenical Temple
  3090 | Temple   | Became a worshipper of Makhleb the Destroyer
  3121 | D:4      | Reached skill level 1 in Throwing
  3246 | D:4      | Found Icvefe's Distillery.
  3311 | D:4      | Noticed Pikel
  3325 | D:4      | Killed Pikel
  3325 | D:4      | Gained mutation: You have razor-sharp teeth. [Vine Stalker growth]
  3325 | D:4      | Reached XP level 8. HP: 42/42 MP: 7/9
  3337 | D:4      | Reached skill level 5 in Armour
  3735 | D:5      | Entered Level 5 of the Dungeon
  3756 | D:5      | Found Iroaweng's Antique Weapon Boutique.
  3761 | D:5      | Bought a blackened short sword for 152 gold pieces
  3761 | D:5      | Identified the +3 short sword "Seczuota" {venom, Dex+2} (You bought it in a shop on level 5 of the Dungeon)
  4060 | D:5      | Found Natsutiw's Weapon Shoppe.
  4071 | D:5      | Found Ismeol's Armour Shoppe.
  4084 | D:5      | Reached skill level 5 in Fighting
  4084 | D:5      | Reached XP level 9. HP: 28/47 MP: 10/10
  4144 | D:5      | Reached * piety under Makhleb
  4256 | D:5      | Found Socaahud's General Store.
  4975 | D:6      | Reached skill level 6 in Short Blades
  4987 | D:6      | Found a sacrificial altar of Ru.
  6077 | D:7      | Found an ornate altar of the Wu Jian Council.
  6106 | D:7      | Found Affa's Weapon Shop.
  6580 | D:7      | Reached skill level 7 in Short Blades
  6658 | D:7      | Reached XP level 10. HP: 45/53 MP: 9/11
  6877 | D:8      | Noticed Maurice
  6889 | D:8      | Killed Maurice
  6921 | D:8      | Reached ** piety under Makhleb
  7151 | D:8      | Noticed Joseph
  7252 | D:8      | Killed Joseph
  7252 | D:8      | Reached skill level 1 in Invocations
  7772 | D:9      | Reached skill level 8 in Short Blades
  7777 | D:9      | Reached *** piety under Makhleb
  7925 | D:9      | Noticed a two-headed ogre
  7949 | D:9      | Killed a two-headed ogre
  7949 | D:9      | Reached XP level 11. HP: 32/60 MP: 12/14
  8241 | D:9      | Found a staircase to the Orcish Mines.
  8340 | D:9      | Identified the +2 ring mail "Dubloan" {rPois MR+} (You found it on level 9 of the Dungeon)
  8568 | D:10     | Entered Level 10 of the Dungeon
  8609 | D:10     | Noticed Harold
  8627 | D:10     | Killed Harold
  9148 | D:10     | Noticed Grum
  9191 | D:10     | Reached **** piety under Makhleb
  9192 | D:10     | Killed Grum
  9595 | D:10     | Found a shimmering altar of Xom.
  9595 | D:10     | Found a shimmering altar of Xom.
  9613 | D:10     | Found a shimmering altar of Xom.
  9923 | D:10     | Noticed a faun
 10088 | D:10     | Noticed a glowing orange brain
 10173 | D:11     | Reached skill level 9 in Short Blades
 10235 | D:11     | Found Qurug's Food Shoppe.
 10372 | D:11     | Reached skill level 5 in Invocations
 10381 | D:11     | Found a staircase to the Lair.
 10427 | D:11     | Noticed a two-headed ogre
 10442 | D:11     | Killed a two-headed ogre
 10500 | D:11     | Noticed a purple ugly thing
 10514 | D:11     | Killed a purple ugly thing
 10525 | D:11     | Found a frozen archway.
 10560 | IceCv    | Entered an ice cave
 10602 | IceCv    | Gained mutation: You heal very quickly. [Vine Stalker growth]
 10602 | IceCv    | Reached XP level 12. HP: 66/66 MP: 17/17
 10769 | IceCv    | Reached ***** piety under Makhleb
 11284 | IceCv    | Noticed a reaper
 11631 | D:12     | Noticed an eight-headed hydra
 11725 | Orc:1    | Entered Level 1 of the Orcish Mines
 11755 | Orc:1    | Reached skill level 10 in Short Blades
 11898 | Orc:1    | Found a shimmering altar of Xom.
 11993 | Orc:1    | Found Delil's Assorted Antiques.
 12154 | Orc:2    | Entered Level 2 of the Orcish Mines
 12569 | Orc:2    | Noticed a stone giant
 12571 | Orc:2    | Hit by a large rock thrown by a stone giant

Vault maps used:
D:1:      ldierk_water_garden, fountainhead
D:2:      lemuel_doored_altar, chequers_ecumenical_altar_lobes,
          grunt_ministairs_6, uniq_terence, uniq_sigmund
D:3:      serial_glass, glass_columns_a, glass_columns_c, first_bread,
          uniq_ijyb, uniq_jessica
D:4:      minmay_temple_entry_steel_oval, serial_shops, kennysheep_mini,
          kennysheep_generic_room_6, uniq_pikel
D:5:      serial_shops, shop, nicolae_shop_trees, shop, shop
D:6:      minivault_19, nicolae_ru_awakened_eye
D:7:      basic_altar, serial_shops, shop, the_bakery
D:8:      grunt_ministairs_12, uniq_joseph, uniq_maurice
D:9:      orc_0_dummy
D:10:     xom_shifter_show, uniq_harold, uniq_grum
D:11:     david_lair_shrubbed, portal_ice_cave_demonic_guard, serial_shops,
          nicolae_shop_waterfront
D:12:     serial_co_window_serial, co_window_corner_a, co_window_paths_a,
          co_window_paths_a, co_window_paths_a, co_window_corner_a,
          co_window_broadway_c, co_window_broadway_c, co_window_corner_b,
          co_window_unsneaky_path_e, co_window_unsneaky_path_d,
          co_window_unsneaky_path_a, glass_columns_b, glass_columns_b,
          glass_columns_b, glass_columns_a, uniq_snorg
Temple:   nicolae_temple_the_god_donut
Orc:1:    nicolae_orc_accident_1, basic_altar, serial_shops, shop, uniq_nergalle
Orc:2:    pf_orc_diabolical
IceCv:    ice_cave_small_demon

Skill      XL: |  1  2  3  4  5  6  7  8  9 10 11 12 |
---------------+-------------------------------------+-----
Short Blades   | 2 3 4 5 7 8 9 10 | 10.1
Fighting       | 3 4 5 6 7 9 |  9.9
Armour         | 3 4 5 7 8 9 |  9.2
Throwing       | 3 4 |  4.7
Invocations    | 3 5 7 |  7.1
Shields        | |  2.6

Action                   |  1- 3 |  4- 6 |  7- 9 | 10-12 || total
-------------------------+-------+-------+-------+-------++-------
Melee: Rapier            |   109 |   150 |    98 |       ||   357
       Bite              |    27 |    51 |   141 |   406 ||   625
       Short sword       |       |       |   263 |   874 ||  1137
Throw: Javelin           |       |       |     2 |    21 ||    23
Evoke: Wand              |       |       |       |     7 ||     7
  Use: Potion            |       |     2 |     3 |     6 ||    11
       Scroll            |       |     6 |     9 |    17 ||    32
 Stab: Invisible         |       |       |     4 |       ||     4
       Distracted        |       |       |       |     1 ||     1
  Eat: Chunk             |     1 |     4 |     8 |    21 ||    34
       Royal jelly       |       |       |     1 |       ||     1
       Fruit             |       |       |     3 |     6 ||     9
       Bread ration      |       |       |       |     2 ||     2
Armor: Scale mail        |    42 |     9 |       |       ||    51
       Chain mail        |       |    53 |   167 |   416 ||   636
Dodge: Dodged            |    29 |    18 |    58 |   150 ||   255
Block: Shield            |    57 |    46 |   160 |   338 ||   601

Table legend:
 A = Spawn XP
 B = Non-spawn XP
 C = Spawn XP percentage of total XP
 D = Spawn monster count
 E = Non-spawn monster count
 F = Spawn count percentage of total count
 G = Total turns spent on level
                    A         B        C        D         E        F      G
               +---------+---------+-------+---------+---------+-------+---------
         Total |       0 |   25313 |   0.0 |       0 |     356 |   0.0 | 12571
               +---------+---------+-------+---------+---------+-------+---------
           D:1 |       0 |      32 |   0.0 |       0 |      20 |   0.0 |   670
           D:2 |       0 |     383 |   0.0 |       0 |      39 |   0.0 |  1442
           D:3 |       0 |     429 |   0.0 |       0 |      40 |   0.0 |   705
           D:4 |       0 |     902 |   0.0 |       0 |       9 |   0.0 |   649
           D:5 |       0 |     935 |   0.0 |       0 |      19 |   0.0 |   964
           D:6 |       0 |     956 |   0.0 |       0 |      26 |   0.0 |  1276
           D:7 |       0 |    1118 |   0.0 |       0 |      24 |   0.0 |   952
           D:8 |       0 |    2557 |   0.0 |       0 |      31 |   0.0 |   774
           D:9 |       0 |    2711 |   0.0 |       0 |      32 |   0.0 |   888
          D:10 |       0 |    3650 |   0.0 |       0 |      39 |   0.0 |  1565
          D:11 |       0 |    5277 |   0.0 |       0 |      33 |   0.0 |   769
          D:12 |       0 |     283 |   0.0 |       0 |       2 |   0.0 |    34
         Orc:1 |       0 |     841 |   0.0 |       0 |       5 |   0.0 |   532
         Orc:2 |       0 |    1186 |   0.0 |       0 |      12 |   0.0 |   314
         IceCv |       0 |    4053 |   0.0 |       0 |      25 |   0.0 |   768
               +---------+---------+-------+---------+---------+-------+---------
